 Dungeon Crawl Stone Soup version 0.29.0-4-gdea44cf6ec (webtiles) character file.

Game seed: 8974372501866458614

31 qw the Chopper (level 3, -1/21 HPs)
             Began as a Tengu Warper on Aug 28, 2022.
             Succumbed to their own poison gas
             ... on level 2 of the Dungeon.
             The game lasted 00:00:08 (1210 turns).

qw the Chopper (Tengu Warper)                       Turns: 1210, Time: 00:00:08

Health: -1/21      AC:  6    Str: 13    XL:     3   Next: 22%
Magic:  7/7        EV:  9    Int: 13    God:
Gold:   65         SH:  0    Dex: 13    Spells: 6/6 levels left

rFire   . . .      SeeInvis .   Y - +0 hand axe
rCold   . . .      Faith    .   (no shield)
rNeg    . . .      Spirit   .   f - +0 scale mail
rPois   .          Reflect  .   (helmet restricted)
rElec   .          Harm     .   (no cloak)
rCorr   .          Rampage  .   (no gloves)
Will    .....                   (boots unavailable)
Stlth   ..........              (no amulet)
HPRegen 0.07/turn               (no ring)
MPRegen 0.10/turn               (no ring)

@: lethally poisoned (-1 -> -9), weak-willed
A: beak, talons 3
a: no special abilities


You were on level 2 of the Dungeon.
You visited 1 branch of the dungeon, and saw 2 of its levels.

You collected 121 gold pieces.
You spent 56 gold pieces at shops.


Innate Abilities, Weirdness & Mutations

You have a beak for a mouth.
You have claws for feet.


   Skills:
 - Level 2.0 Fighting
 + Level 4.0 Axes
 - Level 1.0 Throwing
 - Level 1.1 Armour
 - Level 2.1 Dodging
 - Level 2.0 Spellcasting
 - Level 2.4 Translocations


You had 6 spell levels left.
You didn't know any spells.
Your spell library contained the following spells:

 Spells                   Type           Power      Damage    Failure   Level
 Blink                    Tloc           14%        N/A       56%         2
 Gell's Gravitas          Tloc           7%         N/A       80%         3
 Lesser Beckoning         Tloc           7%         N/A       80%         3
 Teleport Other           Tloc           7%         N/A       80%         3
 Manifold Assault         Tloc           7%         N/A       100%        5

Inventory:

Hand Weapons
 e - a +0 club
 Y - a +0 hand axe (weapon)
Armour
 f - a +0 scale mail (worn)
Potions
 c - a potion of ambrosia {unknown}

Dungeon Overview and Level Annotations

Branches:
Dungeon (2/15)

Altars:

Shops:
D:2 [


Message History

1200 ||| DROPPING +0 ring mail.
You drop a +0 ring mail.
Done exploring.
1201 ||| READING 2 scrolls labelled KIHUUPHOWN.
The air fills with toxic fumes!
As you read the scroll labelled KIHUUPHOWN, it crumbles to dust.
It was a scroll of poison.
Done exploring.
1202 ||| READING scroll labelled ZAQAEPS ZYIMU.
As you read the scroll labelled ZAQAEPS ZYIMU, it crumbles to dust.
Magic quickly surges around you.
It was a scroll of vulnerability.
Done exploring.
1203 ||| READING scroll labelled GOTYFAXUOMM.
As you read the scroll labelled GOTYFAXUOMM, it crumbles to dust.
It is a scroll of identify.
Really abort (and waste the scroll)?
Done exploring.
1204 ||| DROPPING scroll of poison.
You drop a scroll of poison.
Done exploring.
(D) Dungeon
Where to? (* - list waypoints, Enter - D:2, ? - help)
What level of the Dungeon? (default 1, ? - help) Sorry, I don't know how to get there.
Done exploring.
1205 ||| Stepping randomly (stuck).
Really walk into that cloud of poison gas?
You are engulfed in poison gas.
You are lethally poisoned!
You feel very sick.
1206 ||| Stepping ~*~*~tactically~*~*~ (cloud).
You feel very sick.
Things that are here:
a scroll of poison; a +0 ring mail
There is a lethal amount of poison in your body!
You feel very sick.
There is a lethal amount of poison in your body!
You feel very sick.
There is a lethal amount of poison in your body!
You feel sick.
There is a lethal amount of poison in your body!
You die...

.....#......[....#############...
....##.).¤0¤¤¤00¤¤0¤¤¤0.# #...
....##...¤0¤¤00¤¤0¤¤¤00.# #...
....###..¤00¤0¤¤¤0¤0000.# #...
....# #..¤¤0¤¤0¤0¤00¤0¤.# #...
....###....¤0000000¤¤0¤.# #...
....#........¤¤000¤000¤.# ####
....#........##¤¤00000¤.#########
.[..#........##¤@¤0¤000.##[.....)
#####........#000¤¤¤¤00.##.....##
#........#¤¤0¤¤#######.....##
#........#¤¤0¤¤# #.......
############¤0¤# #.....#. #¤¤0#
#.....#. #0¤0# #####.....#. #####
#...###.#<#. #...###.###.


There were no monsters in sight!

Vanquished Creatures
  A worm (D:2)
  A dart slug (D:2)
  2 ball pythons
  An endoplasm (D:2)
  5 goblins
  3 hobgoblins
  2 jackals (D:1)
  2 quokkas
  3 kobolds
  6 rats
26 creatures vanquished.

Notes
Turn   | Place    | Note
-------+----------+-------------------------------------------
     0 | D:1      | qw the Tengu Warper began the quest for the Orb.
     0 | D:1      | Reached XP level 1. HP: 12/12 MP: 4/4
     0 | D:1      | 0 ||| qw: Version: 0.1-a-89-g26bdef1
     0 | D:1      | 0 ||| qw: Game counter: 212
     0 | D:1      | 0 ||| qw: Always use a shield: true
     0 | D:1      | 0 ||| qw: God list: Okawaru
     0 | D:1      | 0 ||| qw: Allow faded altars: false
     0 | D:1      | 0 ||| qw: Do Orc after D:15 true
     0 | D:1      | 0 ||| qw: Do second Lair branch before Depths: true
     0 | D:1      | 0 ||| qw: Lair rune preference: random
     0 | D:1      | 0 ||| qw: Plans: Normal
     0 | D:1      | 0 ||| PLANNING D:1-11
   212 | D:1      | 212 ||| Stepping ~*~*~tactically~*~*~ (stealth).
   239 | D:1      | Found a faded altar of an unknown god.
   247 | D:1      | Reached XP level 2. HP: 15/17 MP: 6/6
   250 | D:1      | Reached skill level 3 in Axes
   572 | D:1      | 572 ||| UPGRADING to +0 ring mail.
   582 | D:1      | 582 ||| DROPPING +0 leather armour.
   583 | D:1      | 583 ||| DROPPING scroll of blinking.
   644 | D:2      | 644 ||| Stepping ~*~*~tactically~*~*~ (stealth).
   796 | D:2      | 796 ||| Stepping ~*~*~tactically~*~*~ (hiding).
   849 | D:2      | Found Enufeulu's Armour Boutique.
   855 | D:2      | Reached XP level 3. HP: 21/21 MP: 7/7
   862 | D:2      | 862 ||| SHOPLISTING +0 chain mail (63 gold, have 62).
   862 | D:2      | 862 ||| SHOPLISTING +0 ring mail of cold resistance (154
                  | gold, have 62).
   862 | D:2      | 862 ||| BUYING +0 scale mail (56 gold).
   862 | D:2      | Bought a +0 scale mail for 56 gold pieces
   862 | D:2      | 862 ||| SHOPLISTING +1 pearl dragon scales (1468 gold, have
                  | 6).
   862 | D:2      | 862 ||| SHOPLISTING +2 cloak of poison resistance (259
                  | gold, have 6).
  1097 | D:2      | Reached skill level 4 in Axes
  1190 | D:2      | 1190 ||| UPGRADING to +0 scale mail.
  1200 | D:2      | 1200 ||| DROPPING +0 ring mail.
  1201 | D:2      | 1201 ||| READING 2 scrolls labelled KIHUUPHOWN.
  1202 | D:2      | 1202 ||| READING scroll labelled ZAQAEPS ZYIMU.
  1203 | D:2      | 1203 ||| READING scroll labelled GOTYFAXUOMM.
  1204 | D:2      | 1204 ||| DROPPING scroll of poison.
  1205 | D:2      | 1205 ||| Stepping randomly (stuck).
  1206 | D:2      | 1206 ||| Stepping ~*~*~tactically~*~*~ (cloud).
  1207 | D:2      | HP: 5/21 [poisoned by you (poison gas)]
  1209 | D:2      | HP: 1/21 [poisoned by you (poison gas)]
  1210 | D:2      | Succumbed to their own poison gas

Levels and vault maps discovered:
D:1:      dpeg_arrival_brainrot, layout_basic,
          ebering_ecumenical_altar_abandoned
D:2:      layout_basic, serial_shops, shop

Skill      XL: |  1  2  3 |
---------------+----------+-----
Axes           | 3 4 |  4.0
Fighting       | |  2.0
Throwing       | |  1.0
Armour         | |  1.1
Dodging        | |  2.1
Spellcasting   | |  2.0
Translocations | |  2.4

Action                   || total
-------------------------++-------
Melee: Hand axe          ||    43
       Kick              ||    11
       Peck              ||    10
Throw: Boomerang         ||     7
  Use: Scroll            ||     3
Armor: Leather armour    ||     3
       Ring mail         ||     2
Dodge: Dodged            ||    20

Table legend:
 A = Non-vault XP
 B = Vault XP
 C = Vault XP percentage of total XP
 D = Non-vault monster count
 E = Vault monster count
 F = Vault count percentage of total count
                 A         B        C        D         E       F
            +---------+---------+-------+---------+---------+-------
      Total |      45 |       0 |   0.0 |      26 |       0 |   0.0
            +---------+---------+-------+---------+---------+-------
        D:1 |      16 |       0 |   0.0 |      10 |       0 |   0.0
        D:2 |      29 |       0 |   0.0 |      16 |       0 |   0.0
            +---------+---------+-------+---------+---------+-------
